 Dungeon Crawl Stone Soup version 0.26-a0-597-gb535b09 (webtiles) character file.

Game seed: 10322487872942030123

905 Hazorath the Skirmisher (level 8, 0/76 HPs)
             Began as a Naga Fighter on Aug 27, 2020.
             Was an Initiate of Cheibriados.
             Slain by an orc warrior
             ... wielding a +0 dire flail
              (6 damage)
             ... on level 6 of the Dungeon.
             The game lasted 00:12:16 (2097 turns).

Hazorath the Skirmisher (Naga Fighter)              Turns: 2097, Time: 00:12:17

Health: 0/76       AC:  5    Str: 21    XL:     8   Next: 8%
Magic:  8/8        EV:  6    Int: 13    God:    Cheibriados [......]
Gold:   145        SH: 10    Dex: 12    Spells: 7/7 levels left

rFire    . . .     SeeInvis +   a - +0 war axe
rCold    + . .     Faith    .   c - +0 kite shield
rNeg     . . .     Spirit   .   f - +0 ring mail
rPois    +         Reflect  .   (no helmet)
rElec    +         Harm     .   (no cloak)
rCorr    .                      (no gloves)
MR       +....                  (no barding)
Stlth    +.........             (no amulet)
HPRegen  0.22/turn              n - ring "Suegicor" {+Inv rElec rPois rC+ Int+3}
MPRegen  0.11/turn              (no ring)

@: brilliant, very slightly contaminated, invisible, very slow
A: large, see invisible, deformed body, poison resistance, slowness 2, spit
poison 1, AC +2
a: Spit Poison, Bend Time, Renounce Religion


You were on level 6 of the Dungeon.
You worshipped Cheibriados.
Cheibriados was noncommittal.
You visited 2 branches of the dungeon, and saw 7 of its levels.

You collected 145 gold pieces.

Inventory:

Hand Weapons
 a - a +0 war axe (weapon)
 i - a +2 spear of flaming
Missiles
 e - 69 bolts
 m - 34 arrows
Armour
 c - a +0 kite shield (worn)
 f - a +0 ring mail (worn)
Jewellery
 g - an uncursed ring of ice
 n - the ring "Suegicor" (left hand) {+Inv rElec rPois rC+ Int+3}
   (You found it on level 5 of the Dungeon)

   [ring of protection from cold]

   It affects your intelligence (+3).
   It protects you from cold.
   It insulates you from electricity.
   It protects you from poison.
   It lets you turn invisible.
Scrolls
 j - a scroll of teleportation
 l - 2 scrolls of identify {unknown}
Potions
 k - a potion of curing {unknown}


   Skills:
 + Level 6.0 Fighting
 * Level 5.9 Axes
 - Level 2.4 Armour
 * Level 4.4 Shields


You had 7 spell levels left.
You didn't know any spells.
Your spell library contained the following spells:

 Spells                   Type           Power        Failure   Level
 Magic Dart               Conj           #...         80%         1
 Blink                    Tloc           N/A          90%         2
 Call Imp                 Summ           #.......     90%         2
 Slow                     Hex            #.......     90%         2
 Confusing Touch          Hex            #.......     99%         3
 Conjure Flame            Conj/Fire      #.......     99%         3
 Gell's Gravitas          Tloc           #.........   99%         3
 Mephitic Cloud           Conj/Pois/Air  #.......     99%         3
 Petrify                  Tmut/Erth      #.......     100%        4
 Metabolic Englaciation   Hex/Ice        #.........   100%        5
 Yara's Violent Unravell  Hex/Tmut       #.........   100%        5


Dungeon Overview and Level Annotations

Branches:
Dungeon (6/15)             Temple (1/1) D:5

Altars:
Ashenzari
Cheibriados
Dithmenos
Elyvilon
Fedhas
Gozag
Hepliaklqana
Kikubaaqudgha
Makhleb
Nemelex Xobeh
Okawaru
Qazlal
Ru
Sif Muna
Trog
Uskayaw
Vehumet
Wu Jian
Xom
Yredelemnul
Zin
The Shining One


Innate Abilities, Weirdness & Mutations

You cannot wear boots.
Your serpentine skin is tough. (AC +2)
You have supernaturally acute eyesight. (SInv)
Armour fits poorly on your strangely shaped body.
Your system is resistant to poisons. (rPois)
You cover ground very slowly.
You can spit poison.


Message History

The orc warrior hits you with a +0 dire flail!!
You barely miss the orc warrior.
The orc warrior is moderately wounded.
You have got your breath back.
The orc warrior looks more healthy.
The orc warrior hits you with a +0 dire flail!
The orc warrior hits you with a +0 dire flail!!
* * * LOW HITPOINT WARNING * * *
Okay, then.
Okay, then.
It was a potion of brilliance.
You feel clever all of a sudden.
It was a potion of invisibility.
You fade into invisibility!
The orc warrior barely misses you.
You are very lightly contaminated with residual magic.
You block the orc warrior's attack. You block the orc warrior's attack.
The orc warrior hits you with a +0 dire flail.
You die...

###.. ##... #### ##... ##.#
...###...# #####.#
###########.......###.....#
.......#......#.#.##..#####
.......#.# #...#<...##
.......#.# ##....####
.......).####.....#
.........o@...#..##
.......#####..#..# .......
#.##..# ....... #.##..#
....... ..##..# .......
#####..# # #####.. ...<


You could see an orc warrior.

Vanquished Creatures
  A water moccasin (D:5)
  An orc warrior (D:6)
  An ice beast (D:6)
  An ogre (D:5)
  2 centaurs (D:5)
  A howler monkey (D:5)
  A hound (D:5)
  4 orc wizards
  A bullfrog skeleton (D:4)
  An iguana (D:5)
  A worker ant (D:6)
  4 gnolls (D:4)
  4 adders
  A shadow imp (D:5)
  13 orcs
  A ball python (D:2)
  4 bats
  A giant cockroach (D:1)
  A goblin (D:2)
  5 hobgoblins
  A quokka (D:4)
  A kobold (D:3)
  2 rats
53 creatures vanquished.

Notes
Turn   | Place    | Note
-------+----------+-------------------------------------------
     0 | D:1      | Hazorath the Naga Fighter began the quest for the Orb.
     0 | D:1      | Reached XP level 1. HP: 21/21 MP: 1/1
   187 | D:2      | Reached XP level 2. HP: 28/28 MP: 2/2
   318 | D:3      | Reached XP level 3. HP: 27/34 MP: 3/3
   371 | D:3      | Reached XP level 4. HP: 33/44 MP: 4/4
   725 | D:4      | Reached skill level 4 in Fighting
   764 | D:4      | Reached XP level 5. HP: 39/50 MP: 5/5
  1287 | D:5      | Entered Level 5 of the Dungeon
  1298 | D:5      | Noticed a centaur
  1310 | D:5      | Killed a centaur
  1310 | D:5      | Reached XP level 6. HP: 37/60 MP: 6/6
  1513 | D:5      | Noticed a water moccasin
  1520 | D:5      | Killed a water moccasin
  1520 | D:5      | Reached skill level 5 in Fighting
  1573 | D:5      | Reached XP level 7. HP: 53/67 MP: 7/7
  1628 | D:5      | Reached skill level 5 in Axes
  1630 | D:5      | Got a scintillating platinum ring
  1631 | D:5      | Identified the ring "Suegicor" {+Inv rElec rPois rC+ Int+3}
                  | (You found it on level 5 of the Dungeon)
  1638 | D:5      | Found a staircase to the Ecumenical Temple.
  1650 | Temple   | Entered the Ecumenical Temple
  1735 | Temple   | Became a worshipper of Cheibriados the Contemplative
  1863 | D:6      | Found a glowing golden altar of the Shining One.
  2075 | D:6      | Reached XP level 8. HP: 64/76 MP: 8/8
  2085 | D:6      | Reached skill level 6 in Fighting
  2097 | D:6      | Slain by an orc warrior

Illustrated notes

Levels and vault maps discovered:
D:1:      dpeg_arrival_rooms_c, layout_basic, feat_on_display
D:2:      layout_rooms, dk_noncrumbling_3
D:3:      layout_basic, chequers_ecumenical_altar_simple_redux
D:4:      layout_basic, nicolae_zen_rock_garden
D:5:      layout_gridville, minmay_temple_entry_mini_moons
D:6:      lemuel_ice_spiral_2, layout_rooms, tso_metal_star,
          kennysheep_big_empty_room
Temple:   compressed_dpeg_triangle_lava_temple

Skill      XL: |  1  2  3  4  5  6  7  8 |
---------------+-------------------------+-----
Axes           | 3 4 5 |  5.9
Fighting       | 4 5 6 |  6.0
Shields        | 3 4 |  4.4
Armour         | |  2.4

Action                   |  1- 3 |  4- 6 |  7- 9 || total
-------------------------+-------+-------+-------++-------
Melee: War axe           |    73 |    95 |    48 ||   216
Invok: Bend Time         |       |       |     1 ||     1
 Abil: Spit Poison       |     4 |     6 |     7 ||    17
  Use: Scroll            |     2 |     2 |       ||     4
       Potion            |       |     1 |     3 ||     4
Armor: Scale mail        |    40 |     2 |       ||    42
       Ring mail         |       |    21 |    16 ||    37
Dodge: Dodged            |    21 |    24 |    15 ||    60
Block: Kite shield       |    53 |    54 |    35 ||   142

Table legend: (Time is in decaauts)
 A = Elapsed time spent in this place.
 B = Non-inter-level travel time spent in this place.
 C = Inter-level travel time spent in this place.
 D = Time resting spent in this place.
 E = Time spent auto-exploring this place.
 F = Levels seen in this place.
 G = Mean time per level.
                   A        B        C        D        E       F      G
               +--------+--------+--------+--------+--------+-----+--------+
         Total |   2644 |   2539 |    105 |    483 |    972 |   7 |  377.7 |
       Dungeon |   2459 |   2379 |     80 |    432 |    972 |   6 |  409.8 |
        Temple |    185 |    160 |     25 |     51 |      0 |   1 |  185.0 |
               +--------+--------+--------+--------+--------+-----+--------+

Top non-repeatable levels by time:
     D:4: 1116 daAuts
     D:5: 519 daAuts
     D:6: 304 daAuts
     D:3: 268 daAuts
     D:1: 207 daAuts
  Temple: 185 daAuts
     D:2: 43 daAuts
